 Dungeon Crawl Stone Soup version 0.31.0-9-g3a7656b989 (webtiles) character file.

Game seed: 15313431086967196910

35 qw the Shooter (level 3, -1/20 HPs)
             Began as a Deep Elf Hunter on Feb 3, 2024.
             Slain by a goblin
             ... wielding a +0 club
             ... led by Robin
              (5 damage)
             ... on level 2 of the Dungeon.
             The game lasted 00:00:03 (726 turns).

qw the Shooter (Deep Elf Hunter)                     Turns: 726, Time: 00:00:03

Health: -1/20      AC:  3    Str: 10    XL:     3   Next: 16%
Magic:  5/5        EV: 17    Int: 13    God:
Gold:   39         SH:  0    Dex: 18    Spells: 2/2 levels left

rFire   . . .        a - +0 shortbow
rCold   . . .        (shield currently unavailable)
rNeg    . . .        c - +0 leather armour
rPois   .            (no helmet)
rElec   .            (no cloak)
rCorr   .            (no gloves)
SInv    .            (no boots)
Will    .....        (no amulet)
Stlth   ++           f - +5 ring of evasion
HPRegen 0.23/turn    (no ring)
MPRegen 0.09/turn

%: no passive effects
@: no status effects
A: no striking features
a: no special abilities


You were on level 2 of the Dungeon.
You visited 1 branch of the dungeon, and saw 2 of its levels.

You collected 39 gold pieces.


   Skills:
 - Level 1.5 Fighting
 + Level 6.7 Ranged Weapons
 - Level 2.4 Dodging
 - Level 1.2 Stealth


You had 2 spell levels left.
You didn't know any spells.
Your spell library was empty.

Inventory:

Hand Weapons
 a - a +0 shortbow (weapon)
Armour
 b - a +0 scale mail
 c - a +0 leather armour (worn)
Jewellery
 f - a +5 ring of evasion (left hand)
Potions
 d - a potion of curing
 e - a potion of mutation {unknown}
 h - a potion of invisibility {unknown}
 i - a potion of attraction {unknown}
 k - a potion of brilliance {unknown}

Dungeon Overview and Level Annotations

Branches:
Dungeon (2/15)

Altars:

Annotations:
D:2 Robin


Message History

The arrow hits the hobgoblin but does no damage.
The hobgoblin hits you but does no damage.
You shoot an arrow. The arrow closely misses the hobgoblin.
The arrow hits Robin.
Robin is moderately wounded.
The hobgoblin closely misses you.
You shoot an arrow. The arrow hits the hobgoblin!
You kill the hobgoblin!
The goblin no longer looks unusually strong.
Robin throws the goblin at you! The goblin completely misses you.
You shoot an arrow. The arrow barely misses the goblin.
The goblin closely misses you. The goblin barely misses you.
You shoot an arrow. The arrow hits the goblin!
You kill the goblin!
The goblin no longer looks unusually strong.
The goblin hits you with a +0 dagger.
Robin roars a battlecry!
The goblin goes into a battle-frenzy!
You shoot an arrow. The arrow misses the goblin.
The arrow barely misses Robin.
The goblin hits you but does no damage. x2
You shoot an arrow. The arrow barely misses the goblin.
The arrow hits Robin.
Robin is heavily wounded.
The goblin no longer looks unusually strong.
The goblin hits you with a +0 dagger.
You shoot an arrow. The arrow hits the goblin.
You kill the goblin!
You hear an angry hiss.
Robin roars a battlecry!
You shoot an arrow. The arrow closely misses the goblin.
The arrow hits Robin.
Robin is almost dead.
The goblin misses you.
You shoot an arrow. The arrow closely misses the goblin.
The arrow hits Robin but does no damage.
Robin is almost dead.
The goblin misses you.
You shoot an arrow. The arrow closely misses the goblin.
The arrow barely misses Robin.
You hear an angry hiss.
The goblin hits you with a +0 club.
You die...

...........<.##.#
...........##.#
...........##.#
#+#...#.#..#..#
##....#.##.##
#..g).....#
.g).....g.#
g)#....#g##
#....#@# #.#..#)#
.. g..#.# ..
....#.# .
.....#.#
...#.##.# #.# #..


You could see Robin and a goblin (strong).

Vanquished Creatures
  4 endoplasms (D:1)
  2 giant cockroaches (D:1)
  11 goblins
  A hobgoblin (D:2)
  3 jackals (D:1)
  3 kobolds (D:1)
  3 ball pythons (D:1)
  A bat (D:1)
  2 rats (D:1)
30 creatures vanquished.

Notes
Turn   | Place    | Note
-------+----------+-------------------------------------------
     0 | D:1      | qw the Deep Elf Hunter began the quest for the Orb.
     0 | D:1      | Reached XP level 1. HP: 12/12 MP: 3/3
     0 | D:1      | 0 ||| qw: Version: 0.3-a-155-g5e7d8dd
     0 | D:1      | 0 ||| qw: Game counter: 2939
     0 | D:1      | 0 ||| qw: Melee chars always use a shield: true
     0 | D:1      | 0 ||| qw: God list: Okawaru
     0 | D:1      | 0 ||| qw: Allow faded altars: false
     0 | D:1      | 0 ||| qw: Do Orc after clearing Dungeon:15 true
     0 | D:1      | 0 ||| qw: Do second Lair branch before Depths: true
     0 | D:1      | 0 ||| qw: Lair rune preference: random
     0 | D:1      | 0 ||| qw: Goals: Normal
     0 | D:1      | 0 ||| PLANNING D:1-11
   271 | D:1      | Reached XP level 2. HP: 16/16 MP: 4/4
   279 | D:1      | Reached skill level 6 in Ranged Weapons
   407 | D:1      | Found a faded altar of an unknown god.
   650 | D:1      | 650 ||| UPGRADING to +5 ring of evasion.
   651 | D:1      | 651 ||| READING scroll labelled SIH DURHYESUCI.
   652 | D:1      | 652 ||| READING scroll labelled RENNYU DOHEFF.
   655 | D:1      | 655 ||| DRINKING 2 purple potions.
   656 | D:1      | 656 ||| DROPPING scroll of butterflies.
   698 | D:2      | Noticed Robin
   705 | D:2      | 705 ||| RETREEEEATING.
   706 | D:2      | 706 ||| RETREEEEATING.
   707 | D:2      | 707 ||| RETREEEEATING.
   715 | D:2      | Reached XP level 3. HP: 10/20 MP: 5/5
   715 | D:2      | HP: 4/20 [hobgoblin[Robin] (6)]
   720 | D:2      | HP: 4/20 [goblin/+0 dagger[Robin] (2)]
   726 | D:2      | Slain by a goblin

Levels and vault maps discovered:
D:1:      matt_arrival_diagonals, layout_rooms, shapermc_ecumenical_altar_gd,
          serial_corexii_hall, corexii_hall_statues_t, corexii_hall_statues_x,
          minmay_small_reverse_x
D:2:      layout_basic, serial_shops, shop, minmay_pentomino_w2, uniq_robin

Skill      XL: |  1  2 |
---------------+-------+-----
Ranged Weapons | 6 |  6.7
Fighting       | |  1.5
Dodging        | |  2.4
Stealth        | |  1.2

Action                     || total
---------------------------++-------
   Fire: Shortbow          ||    79
    Use: Scroll            ||     2
         Potion            ||     1
 Armour: Leather armour    ||    26
  Dodge: Dodged            ||    37

Table legend:
 A = Non-vault XP
 B = Vault XP
 C = Vault XP percentage of total XP
 D = Non-vault monster count
 E = Vault monster count
 F = Vault count percentage of total count
                 A         B        C        D         E       F
            +---------+---------+-------+---------+---------+-------
      Total |      26 |      24 |  48.0 |      16 |      14 |  46.7
            +---------+---------+-------+---------+---------+-------
        D:1 |      24 |       6 |  20.0 |      15 |       4 |  21.1
        D:2 |       2 |      18 |  90.0 |       1 |      10 |  90.9
            +---------+---------+-------+---------+---------+-------
